 Dungeon Crawl Stone Soup version 0.26-a0-682-g294304f6e8 (webtiles) character file.

Game seed: 878919527844815343

(classic levelgen) 10094 EnegeticOcto the Slinger (level 11, -24/70 HPs)
             Began as a Halfling Ice Elementalist on Oct 21, 2020.
             Was an Elder of Cheibriados.
             Annihilated by a boulder beetle (56 damage)
             ... on level 12 of the Dungeon.
             The game lasted 00:25:59 (3366 turns).

EnegeticOcto the Slinger (HaIE)                     Turns: 3366, Time: 00:26:00

Health: -24/70     AC:  6    Str: 18    XL:     11   Next: 86%
Magic:  6/17       EV: 19    Int: 25    God:    Cheibriados [****..]
Gold:   169        SH:  7    Dex: 25    Spells: 6/13 levels left

rFire    . . .     SeeInvis .   i - +3 fustibalus (vorpal)
rCold    . . .     Faith    +   L - +0 buckler
rNeg     . . .     Spirit   .   I - +1 troll leather armour
rPois    .         Reflect  .   (no helmet)
rElec    .         Harm     .   w - +0 cloak
rCorr    .         Rampage  .   (no gloves)
MR       .....                  (no boots)
Stlth    ++........             y - amulet of faith
HPRegen  0.61/turn              m - ring of fire
MPRegen  0.15/turn              o - ring of ice

@: frozen ramparts, very slow
A: small, mutation resistance 1
a: Bend Time, Temporal Distortion, Slouch, Renounce Religion


You were on level 12 of the Dungeon.
You worshipped Cheibriados.
Cheibriados was greatly pleased with you.
You visited 1 branch of the dungeon, and saw 13 of its levels.

You collected 403 gold pieces.
You spent 234 gold pieces at shops.

Inventory:

Hand Weapons
 d - a +2 vampiric dagger
 f - a +0 antimagic dagger
 h - a +0 hunting sling
 i - a +3 vorpal fustibalus (weapon)
 v - a +2 war axe of freezing
 G - a cursed +5 scimitar of freezing
 J - a +4 scimitar of flaming
Missiles
 c - 79 stones (quivered)
 B - 13 sling bullets
Armour
 a - a +0 robe
 q - a +2 robe of magic resistance
 w - a +0 cloak (worn)
 D - a scarf of invisibility
 I - a +1 troll leather armour (worn)
 L - a +0 buckler (worn)
Jewellery
 e - an uncursed ring of protection from cold
 m - a ring of fire (left hand)
 o - a ring of ice (right hand)
 u - an uncursed ring of resist corrosion
 y - an amulet of faith (around neck)
Wands
 g - a wand of enslavement (4)
 s - a wand of flame (14) {@v4}
 t - a wand of acid (10) {@v1}
Scrolls
 b - 3 scrolls of teleportation {@r3 !r}
 j - 2 scrolls of immolation
 F - a scroll of identify {@r1}
 M - 2 scrolls of blinking {@r4}
 N - a scroll of remove curse {@r2}
Potions
 k - a potion of flight
 l - a potion of mutation
 n - a potion of brilliance
 r - 2 potions of degeneration
 x - 3 potions of might {@q3 !q}
 z - a potion of lignification {@q6}
 A - 4 potions of haste {@q4 !q}
 C - a potion of invisibility {unknown}
 E - 3 potions of heal wounds {@q2 !q}
 H - a potion of curing {@q1 !q}
 K - a potion of stabbing {unknown}
 O - a potion of resistance {unknown}
Miscellaneous
 p - a lightning rod (2/4)


   Skills:
 + Level 4.9 Fighting
 - Level 14.0 Slings
 + Level 5.1 Dodging
 - Level 2.1 Stealth
 + Level 4.4 Shields
 - Level 1.5 Spellcasting
 - Level 10.0 Ice Magic
 + Level 8.8 Invocations


You had 6 spell levels left.
You knew the following spells:

 Your Spells              Type           Power        Failure   Level
a - Freeze                Ice            ####         1%          1
b - Frozen Ramparts       Ice            ######       1%          3
c - Ozocubu's Armour      Ice            ######..     1%          3

Your spell library contained the following spells:

 Spells                   Type           Power        Failure   Level
 Hailstorm                Conj/Ice       #####...     21%         4
 Summon Ice Beast         Ice/Summ       #####...     21%         4


Dungeon Overview and Level Annotations

Branches:
Dungeon (13/15)              Lair (0/6) D:9
 Temple: D:4-7          Orc: D:9-12      Vaults: D:13-14

Altars:
Ashenzari
Cheibriados
Gozag

Shops:
D:10 *

Annotations:
D:5 Blork the orc
D:11 1 runed translucent door


Innate Abilities, Weirdness & Mutations

You are small and have problems with some larger weapons.
You are somewhat resistant to further mutation.


Message History

The boulder beetle blinks!
The orc priest shouts!
You hear a shout! x2
An adder comes into view.
The orc priest calls down the wrath of Beogh upon you.
Beogh smites you! The boulder beetle bites you!!
* * * LOW HITPOINT WARNING * * *
You hear a shout!
Really quaff
E - 6 potions of heal wounds {@q2 !q}?
You feel much better.
The boulder beetle completely misses you.
Okay, then.
The orc priest invokes the aid of Beogh against you.
Beogh smites you! Something hits you but does no damage.
Deactivating autopickup; reactivate with Ctrl-A.
The boulder beetle curls into a ball and begins rolling!
The orc wizard casts a spell at you.
The magic dart hits something.
Something hits you!
* * * LOW HITPOINT WARNING * * *
The boulder beetle barely misses you.
The boulder beetle stops rolling and uncurls.
The orc wizard gestures at you while chanting.
The magic dart hits something!
Really quaff
E - 5 potions of heal wounds {@q2 !q}?
You feel much better. Something barely misses you.
An orc warrior comes into view. It is wielding a -1 halberd.
The boulder beetle bites you!
The orc wizard casts a spell.
The orc wizard blinks!
Something hits you!
* * * LOW HITPOINT WARNING * * *
The orc priest invokes the aid of Beogh against you.
Something writhes in agony!
The boulder beetle curls into a ball and begins rolling!
Something hits you.
* * * LOW HITPOINT WARNING * * *
You block the boulder beetle's attack.
The boulder beetle stops rolling and uncurls.
You see here a club.
The orc wizard mumbles some strange words.
The orc wizard seems to speed up.
Something closely misses you.
The boulder beetle curls into a ball and begins rolling!
Okay, then.
Really quaff
E - 4 potions of heal wounds {@q2 !q}?
You feel much better. Something hits you.
The orc wizard gestures wildly while chanting.
The orc wizard blinks!
The orc wizard gestures wildly while chanting.
The orc wizard blinks!
An orc wizard comes into view. It is wielding a +0 dagger.
Casting: Frozen Ramparts (safe; 1% risk of failure)
Confirm with . or Enter, or press ? or * to list all spells.
You feel a surge of power!
The walls around you are covered in ice.
The wall freezes something. x2; Something hits you but does no damage.
The wall freezes the adder!
The orc wizard gestures wildly while chanting.
The orc wizard blinks!
The orc priest casts a cantrip, but nothing happens.
The wall freezes the boulder beetle.
The wall freezes something.
Something hits you.
The wall freezes the adder.
You kill the adder!
Cheibriados thoroughly appreciates the change of pace.
The orc wizard points at you and mumbles some strange words.
You hear a shout!
Evoke which item? (* to show all) (? for menu, Esc to quit)
Aiming: Thunderbolt
Press: ? - help, Shift-Dir - straight line, f - boulder beetle
Aim: a boulder beetle (lightly wounded)
The thunderbolt hits the orc warrior!
The orc warrior is heavily wounded.
The thunderbolt hits the orc priest!
You kill the orc priest!
Cheibriados thoroughly appreciates the change of pace.
You can now inflict damage on those overly hasty.
Cheibriados raises the support of your attributes as your movement slows.
The thunderbolt hits the boulder beetle.
The boulder beetle is lightly wounded.
The thunderbolt hits something!
You hear a shout!
The wall freezes something.
Something hits you.
The wall freezes the boulder beetle.
The wall freezes something.
Cheibriados thoroughly appreciates the change of pace.
Reactivating autopickup.
Your Dodging skill increases to level 5!
You feel a bit more experienced.
The orc wizard mumbles some strange words.
The orc wizard blinks!
Evoke which item? (* to show all) (? for menu, Esc to quit)
Aiming: Thunderbolt
Press: ? - help, Shift-Dir - straight line, f/p - boulder beetle
Aim: a boulder beetle (lightly wounded)
The thunderbolt hits the orc warrior!
The orc warrior is almost dead.
The thunderbolt hits the boulder beetle!
The boulder beetle is moderately wounded.
You hear a shout! x2
The wall freezes the boulder beetle.
The wall freezes the boulder beetle!
The boulder beetle hits you!!!
Ouch! That really hurt!
You die...

# ....(#.#...
##.###.......##.#
..#.....oo.....
#..##.##.......######
#.............../....
...#.##....o..##### #
#.#.##...†○..#
#.#....#..##B###
##<#.......##@#
...........##.#
##.........#..
#...#.........
##.#.####.#...# #.#.#
.#..## #.#.####.#..#
.# #.#......#..# .#
#...........


You could see a boulder beetle, an orc warrior and 2 orc wizards.

Vanquished Creatures
  A two-headed ogre (D:9)
  2 unseen horrors
  An ugly thing (D:12)
  An elephant (D:9)
  An efreet (D:12)
  A komodo dragon (D:11)
  2 trolls
  A hornet (D:10)
  5 slime creatures (D:12)
  A shadow (D:12)
  A wraith (D:11)
  A yak (D:9)
  Sigmund (D:4)
  2 wyverns
  2 basilisks (D:9)
  A steam dragon (D:12)
  Menkaure (D:6)
  3 vampire mosquitoes (D:12)
  A water moccasin (D:5)
  Duvessa (D:5)
  2 ice beasts
  3 sky beasts
  3 phantoms
  2 ogres
  14 centaurs
  2 necrophages (D:9)
  3 bullfrogs
  Dowan (D:5)
  3 scorpions
  12 wights
  A howler monkey (D:9)
  A quasit (D:11)
  A centaur zombie (D:12)
  3 hounds
  5 orc wizards
  3 orc priests
  2 bullfrog skeletons
  An iguana (D:9)
  3 worker ants
  Natasha (D:4)
  2 killer bee zombies
  A hound zombie (D:5)
  A mummy (D:9)
  A worker ant zombie (D:9)
  A howler monkey skeleton (D:4)
  9 adders
  2 ufetubi
  A worm (D:4)
  4 leopard geckos
  34 orcs
  4 bats
  A giant cockroach (D:3)
  4 goblins
  3 hobgoblins (D:3)
  4 jackals (D:9)
  A quokka (D:7)
  A ball python skeleton (D:4)
  7 frilled lizards
  A jackal skeleton (D:5)
  3 kobolds
  2 quokka skeletons (D:4)
  3 rats
186 creatures vanquished.

Vanquished Creatures (others)
  An orc (D:11)
  5 withered plants (D:9)
6 creatures vanquished.

Grand Total: 192 creatures vanquished

Notes
Turn   | Place    | Note
-------+----------+-------------------------------------------
     0 | D:1      | EnegeticOcto the Halfling Ice Elementalist began the quest
                  | for the Orb.
     0 | D:1      | Reached XP level 1. HP: 11/11 MP: 3/3
   116 | D:2      | Reached XP level 2. HP: 13/17 MP: 2/4
   229 | D:2      | Reached skill level 1 in Slings
   229 | D:2      | Reached XP level 3. HP: 15/21 MP: 5/5
   298 | D:3      | Reached skill level 2 in Slings
   380 | D:3      | Reached skill level 3 in Slings
   380 | D:3      | Reached XP level 4. HP: 17/27 MP: 1/6
   539 | D:4      | Reached skill level 4 in Slings
   539 | D:4      | Reached skill level 5 in Ice Magic
   539 | D:4      | Reached XP level 5. HP: 31/31 MP: 5/7
   654 | D:4      | Noticed an ogre
   667 | D:4      | Killed an ogre
   667 | D:4      | Reached skill level 5 in Slings
   667 | D:4      | Reached XP level 6. HP: 36/36 MP: 8/8
   672 | D:4      | Learned a level 3 spell: Frozen Ramparts
   676 | D:4      | Learned a level 3 spell: Ozocubu's Armour
   727 | D:5      | Entered Level 5 of the Dungeon
   734 | D:5      | Noticed Blork the orc
   736 | D:5      | Noticed a sky beast
   753 | D:5      | Killed a sky beast
   753 | D:5      | Reached skill level 6 in Slings
   773 | D:5      | Noticed a water moccasin
   778 | D:5      | Killed a water moccasin
   778 | D:5      | Reached skill level 7 in Slings
   778 | D:5      | Reached XP level 7. HP: 34/41 MP: 5/9
   787 | D:5      | Noticed Duvessa
   807 | D:5      | Noticed Dowan
   816 | D:5      | Killed Duvessa
   816 | D:5      | Reached skill level 8 in Slings
   816 | D:5      | Reached skill level 6 in Ice Magic
   820 | D:5      | Killed Dowan
   970 | D:4      | Found an opulent altar of Gozag.
   987 | D:4      | Noticed Natasha
   989 | D:4      | Noticed Sigmund
   991 | D:4      | Killed Natasha
   993 | D:4      | Killed Sigmund
   993 | D:4      | Reached skill level 1 in Fighting
   993 | D:4      | Reached skill level 9 in Slings
   993 | D:4      | Reached XP level 8. HP: 39/48 MP: 6/10
  1025 | D:4      | Found a snail-covered altar of Cheibriados.
  1039 | D:4      | Became a worshipper of Cheibriados the Contemplative
  1078 | D:6      | Reached skill level 1 in Invocations
  1114 | D:6      | Reached skill level 2 in Fighting
  1133 | D:6      | Noticed Menkaure
  1146 | D:6      | Killed Menkaure
  1146 | D:6      | Reached skill level 10 in Slings
  1146 | D:6      | Reached skill level 2 in Invocations
  1379 | D:7      | Reached skill level 7 in Ice Magic
  1421 | D:7      | Reached * piety under Cheibriados
  1454 | D:8      | Reached XP level 9. HP: 39/55 MP: 11/11
  1539 | D:9      | Reached skill level 3 in Fighting
  1539 | D:9      | Reached skill level 11 in Slings
  1539 | D:9      | Reached skill level 3 in Invocations
  1757 | D:8      | Reached ** piety under Cheibriados
  1757 | D:8      | Reached skill level 4 in Invocations
  1816 | D:8      | Reached skill level 12 in Slings
  2054 | D:9      | Reached *** piety under Cheibriados
  2054 | D:9      | Reached skill level 8 in Ice Magic
  2110 | D:9      | Reached XP level 10. HP: 30/63 MP: 9/13
  2116 | D:9      | Reached skill level 5 in Invocations
  2116 | D:9      | HP: 2/63 [wight/+0 halberd (3)]
  2205 | D:9      | Reached skill level 13 in Slings
  2223 | D:9      | Found a staircase to the Lair.
  2223 | D:9      | Noticed a two-headed ogre
  2228 | D:9      | Noticed an elephant
  2233 | D:9      | Killed a two-headed ogre
  2247 | D:9      | Killed an elephant
  2247 | D:9      | Reached skill level 14 in Slings
  2247 | D:9      | Reached skill level 6 in Invocations
  2321 | D:9      | Reached skill level 9 in Ice Magic
  2424 | D:10     | Entered Level 10 of the Dungeon
  2429 | D:10     | Found Bicosk's General Store.
  2442 | D:10     | Bought a potion of heal wounds for 65 gold pieces
  2442 | D:10     | Bought 2 potions of heal wounds for 130 gold pieces
  2442 | D:10     | Bought a potion of curing for 39 gold pieces
  2518 | D:10     | Reached skill level 7 in Invocations
  2704 | D:11     | Reached **** piety under Cheibriados
  2706 | D:11     | Reached XP level 11. HP: 41/67 MP: 11/16
  2764 | D:11     | Reached skill level 1 in Shields
  2835 | D:11     | Found a runed translucent door.
  2836 | D:11     | Noticed a six-headed hydra
  2837 | D:11     | Noticed a yaktaur captain
  2877 | D:11     | Reached skill level 3 in Dodging
  2878 | D:11     | Reached skill level 2 in Shields
  2926 | D:11     | Killed an unseen horror
  2926 | D:11     | Reached skill level 10 in Ice Magic
  2926 | D:11     | Reached skill level 8 in Invocations
  3015 | D:12     | Found a broken altar of Ashenzari.
  3100 | D:12     | Reached skill level 4 in Fighting
  3130 | D:12     | Reached skill level 3 in Shields
  3134 | D:12     | Reached skill level 4 in Dodging
  3160 | D:12     | Noticed a purple ugly thing
  3169 | D:12     | Killed a purple ugly thing
  3321 | D:12     | Reached skill level 4 in Shields
  3355 | D:12     | Noticed a boulder beetle
  3365 | D:12     | Killed an unseen horror
  3365 | D:12     | Reached skill level 5 in Dodging
  3366 | D:12     | Annihilated by a boulder beetle

Illustrated notes

Levels and vault maps discovered:
D:1:      saegor_arrival_under_anarchy, layout_basic
D:2:      layout_basic, minmay_indecisive_spiral, uniq_terence
D:3:      layout_rooms, kennysheep_generic_room_11
D:4:      layout_rooms, lemuel_round_altar, minmay_door_square,
          grunt_gozag_statues, uniq_sigmund, uniq_natasha
D:5:      layout_rooms, minmay_temple_entry_hall, uniq_edmund,
          uniq_blork_the_orc, uniq_duvessa
D:6:      layout_basic, uniq_menkaure, uniq_eustachio
D:7:      layout_basic, lemuel_crystal_altar, serial_bayou_pond_c,
          minmay_fountain_box, chequers_serial_rivers_small_3, uniq_harold
D:8:      layout_loops_corners, riverfiend_overflow_shadow_ancestor,
          minmay_misc_feat_rows
D:9:      layout_cave_pools, david_lair_generic, serial_undead, serial_undead_a,
          serial_undead_b, serial_undead_f, serial_undead_b, minmay_diced_spiral
D:10:     layout_roguey, serial_shops, nicolae_shop_crystal
D:11:     layout_long_grid, orc_0_dummy, wad_hexagon
D:12:     layout_loops_ring, ashenzari_altar_1
D:13:     layout_rooms, serial_bayou_crossing, uniq_jorgrun

Skill      XL: |  1  2  3  4  5  6  7  8  9 10 11 |
---------------+----------------------------------+-----
Slings         | 1 3 4 5 7 9 10 12 14 | 14.0
Ice Magic      | 5 6 7 8 9 10 | 10.0
Fighting       | 1 2 3 4 |  4.9
Invocations    | 2 4 7 8 |  8.8
Shields        | 4 |  4.4
Dodging        | 5 |  5.1
Stealth        | |  2.1
Spellcasting   | |  1.5

Action                   |  1- 3 |  4- 6 |  7- 9 | 10-12 || total
-------------------------+-------+-------+-------+-------++-------
Melee: Dagger            |     3 |       |       |       ||     3
       Fustibalus        |       |       |     1 |       ||     1
 Fire: Fustibalus        |    28 |    61 |   232 |   139 ||   460
 Cast: Freeze            |    19 |     9 |    16 |     8 ||    52
       Frozen Ramparts   |       |     2 |    19 |    23 ||    44
Invok: Slouch            |       |       |       |     3 ||     3
       Temporal Distorti |       |       |       |     1 ||     1
Evoke: Wand              |       |       |    10 |     3 ||    13
       Lightning rod     |       |       |       |     2 ||     2
  Use: Potion            |     1 |       |     1 |     5 ||     7
       Scroll            |       |     6 |     3 |     9 ||    18
Armor: Robe              |     6 |     2 |    12 |     1 ||    21
       Troll leather arm |       |       |       |    31 ||    31
Dodge: Dodged            |    33 |    21 |    98 |    86 ||   238
Block: Buckler           |       |       |       |    35 ||    35

Table legend: (Time is in decaauts)
 A = Elapsed time spent in this place.
 B = Non-inter-level travel time spent in this place.
 C = Inter-level travel time spent in this place.
 D = Time resting spent in this place.
 E = Time spent auto-exploring this place.
 F = Levels seen in this place.
 G = Mean time per level.
                   A        B        C        D        E       F      G
               +--------+--------+--------+--------+--------+-----+--------+
         Total |   4214 |   4107 |    107 |      0 |      0 |  13 |  324.2 |
       Dungeon |   4214 |   4107 |    107 |      0 |      0 |  13 |  324.2 |
               +--------+--------+--------+--------+--------+-----+--------+

Top non-repeatable levels by time:
     D:9: 886 daAuts
    D:11: 729 daAuts
    D:12: 491 daAuts
     D:4: 373 daAuts
     D:8: 370 daAuts
     D:3: 343 daAuts
     D:6: 306 daAuts
     D:5: 190 daAuts
    D:10: 173 daAuts
     D:7: 142 daAuts
     D:2: 134 daAuts
     D:1: 70 daAuts
    D:13: 1 daAuts
